[ AOE2 MATCH · #488342197 ]
UnrankedMongols vs Chinese
Player's team · LOSS
Rival team · WIN
[ REPLAY ANALYSIS · EXTRACTED FROM THE RECORDED GAME ]
Feudal
—
Castle
—
Imperial
—
| APM avg | 105.7 |
| APM peak | 143 |
| eAPM avg | 64.3 |
| Villagers / military | 171 / 252 |
Focus
⚔️ 68.0% · 🌾 32.0%
Cavalry Archer ×88 · Scout Cavalry ×77 · Skirmisher ×72 · Spearman ×4 · Trebuchet (Packed) ×4 · Monk ×3
Feudal
9:10
Castle
19:11
Imperial
36:36
| APM avg | 60.8 |
| APM peak | 129 |
| eAPM avg | 31.5 |
| Villagers / military | 216 / 316 |
Focus
⚔️ 52.3% · 🌾 47.7%
Archer ×122 · Scout Cavalry ×101 · Knight ×37 · Battering Ram ×27 · Cavalry Archer ×10 · Iron Pagoda ×9
Match map
Initial resources + every placement click. Lines = walls · curves = elevation contours. ◆ gold · ⬟ stone · ● berries · ✦ relic · ◌ wall gap
Your base· Open — 6t gap
啊这's base· Open — unwalled flank
Smoothed initial terrain · ◌ = detected wall gap · hover for details
Inputs per minute
— Saturno 1343 - - 啊这
Build order — Saturno 1343
First 150 of 631 actions detected
| 0:00 | Queue | Villager (Male) |
| 0:01 | Queue | Villager (Male) |
| 0:01 | Build | House |
| 0:02 | Build | House |
| 0:08 | Queue | Villager (Male) |
| 0:11 | Queue | Villager (Male) |
| 1:15 | Queue | Villager (Male) |
| 1:43 | Queue | Villager (Male) |
| 1:54 | Build | Lumber Camp |
| 2:16 | Queue | Villager (Male) |
| 2:44 | Queue | Villager (Male) |
| 3:15 | Queue | Villager (Male) |
| 3:16 | Queue | Villager (Male) |
| 3:30 | Build | House |
| 3:37 | Queue | Villager (Male) |
| 3:42 | Queue | Villager (Male) |
| 4:03 | Queue | Villager (Male) |
| 4:09 | Queue | Villager (Male) |
| 4:31 | Queue | Villager (Male) |
| 4:35 | Queue | Villager (Male) |
| 4:35 | Queue | Villager (Male) |
| 5:11 | Build | Mill |
| 5:51 | Queue | Villager (Male) |
| 6:15 | Research | Loom |
| 6:24 | Research | Feudal Age |
| 7:10 | Queue | Villager (Male) |
| 7:39 | Queue | Villager (Male) |
| 7:49 | Build | House |
| 7:49 | Queue | Villager (Male) |
| 8:00 | Build | Barracks |
| 8:56 | Build | Stable |
| 8:57 | Research | Double-Bit Axe |
| 9:04 | Queue | Spearman |
| 9:15 | Queue | Villager (Male) |
| 9:25 | Queue | Spearman |
| 9:27 | Queue | Villager (Male) |
| 9:36 | Queue | Scout Cavalry |
| 9:39 | Queue | Villager (Male) |
| 9:41 | Build | Mill |
| 9:49 | Queue | Villager (Male) |
| 9:51 | Build | House |
| 9:53 | Build | Palisade Wall |
| 9:54 | Build | Palisade Wall |
| 10:00 | Queue | Scout Cavalry |
| 10:01 | Queue | Villager (Male) |
| 10:07 | Queue | Spearman |
| 10:08 | Queue | Villager (Male) |
| 10:11 | Build | House |
| 10:15 | Research | Town Watch |
| 10:18 | Queue | Scout Cavalry |
| 10:29 | Queue | Spearman |
| 10:30 | Queue | Villager (Male) |
| 10:41 | Queue | Villager (Male) |
| 10:43 | Queue | Villager (Male) |
| 10:46 | Queue | Villager (Male) |
| 10:54 | Build | Farm |
| 10:55 | Build | Farm |
| 11:04 | Queue | Scout Cavalry |
| 11:17 | Queue | Villager (Male) |
| 11:21 | Queue | Villager (Male) |
| 11:23 | Build | Farm |
| 11:27 | Build | Farm |
| 11:32 | Queue | Villager (Male) |
| 11:32 | Queue | Villager (Male) |
| 11:34 | Build | Farm |
| 11:48 | Queue | Villager (Male) |
| 11:58 | Queue | Scout Cavalry |
| 12:08 | Queue | Villager (Male) |
| 12:11 | Build | Farm |
| 12:20 | Queue | Villager (Male) |
| 12:36 | Queue | Scout Cavalry |
| 12:41 | Build | House |
| 12:46 | Build | Farm |
| 12:49 | Queue | Villager (Male) |
| 12:51 | Build | Farm |
| 13:00 | Build | House |
| 13:18 | Queue | Villager (Male) |
| 13:21 | Queue | Villager (Male) |
| 13:29 | Build | Farm |
| 13:37 | Build | Farm |
| 13:38 | Queue | Villager (Male) |
| 13:42 | Build | House |
| 13:43 | Build | Palisade Wall |
| 13:47 | Queue | Villager (Male) |
| 14:02 | Build | House |
| 14:04 | Build | Palisade Wall |
| 14:08 | Queue | Villager (Male) |
| 14:12 | Build | Palisade Wall |
| 14:13 | Queue | Villager (Male) |
| 14:24 | Build | Farm |
| 14:28 | Build | Farm |
| 14:31 | Queue | Villager (Male) |
| 14:33 | Build | House |
| 14:35 | Build | Palisade Wall |
| 14:36 | Build | Palisade Wall |
| 14:46 | Queue | Villager (Male) |
| 14:49 | Queue | Villager (Male) |
| 14:53 | Queue | Villager (Male) |
| 14:56 | Build | Farm |
| 14:58 | Build | Farm |
| 14:58 | Queue | Villager (Male) |
| 15:04 | Queue | Villager (Male) |
| 15:15 | Build | Archery Range |
| 15:19 | Queue | Villager (Male) |
| 15:47 | Queue | Villager (Male) |
| 15:51 | Build | Mining Camp |
| 16:03 | Queue | Villager (Male) |
| 16:25 | Queue | Villager (Male) |
| 16:27 | Build | Farm |
| 16:28 | Queue | Villager (Male) |
| 16:28 | Queue | Villager (Male) |
| 16:39 | Queue | Skirmisher |
| 16:43 | Queue | Villager (Male) |
| 17:14 | Queue | Skirmisher |
| 17:37 | Research | Castle Age |
| 17:38 | Queue | Villager (Male) |
| 17:43 | Queue | Skirmisher |
| 18:43 | Queue | Villager (Male) |
| 18:59 | Queue | Villager (Male) |
| 19:05 | Build | Archery Range |
| 19:08 | Research | Horse Collar |
| 19:08 | Research | Gold Mining |
| 19:18 | Queue | Skirmisher |
| 19:22 | Build | Watch Tower |
| 19:33 | Build | Blacksmith |
| 20:12 | Build | Stone Wall |
| 20:28 | Research | Fletching |
| 20:33 | Queue | Skirmisher |
| 20:35 | Queue | Villager (Male) |
| 20:38 | Queue | Skirmisher |
| 20:44 | Queue | Skirmisher |
| 21:00 | Queue | Skirmisher |
| 21:05 | Research | Bodkin Arrow |
| 21:05 | Research | Bodkin Arrow |
| 21:15 | Queue | Villager (Male) |
| 21:18 | Research | Elite Skirmisher (upgrade) |
| 21:18 | Research | Elite Skirmisher (upgrade) |
| 21:24 | Queue | Skirmisher |
| 21:25 | Queue | Skirmisher |
| 21:27 | Research | Padded Archer Armor |
| 21:27 | Research | Padded Archer Armor |
| 21:31 | Queue | Villager (Male) |
| 21:41 | Queue | Villager (Male) |
| 21:47 | Queue | Skirmisher |
| 21:51 | Queue | Skirmisher |
| 21:51 | Queue | Villager (Male) |
| 21:57 | Queue | Villager (Male) |
| 22:01 | Queue | Villager (Male) |
| 22:07 | Queue | Villager (Male) |
| 22:09 | Queue | Skirmisher |
Build order — 啊这
First 150 of 583 actions detected
| 0:22 | Research | Loom |
| 0:23 | Research | Loom |
| 0:49 | Queue | Villager (Male) |
| 1:19 | Queue | Villager (Male) |
| 1:19 | Queue | Villager (Male) |
| 1:46 | Queue | Villager (Male) |
| 2:08 | Queue | Villager (Male) |
| 2:30 | Queue | Villager (Male) |
| 3:03 | Build | Mill |
| 3:15 | Queue | Villager (Male) |
| 3:15 | Queue | Villager (Male) |
| 3:16 | Queue | Villager (Male) |
| 3:16 | Queue | Villager (Male) |
| 3:20 | Queue | Villager (Male) |
| 3:20 | Queue | Villager (Male) |
| 3:50 | Build | House |
| 3:52 | Queue | Villager (Male) |
| 4:03 | Queue | Villager (Male) |
| 4:21 | Queue | Villager (Male) |
| 4:31 | Queue | Villager (Male) |
| 4:32 | Queue | Villager (Male) |
| 4:47 | Queue | Villager (Male) |
| 4:54 | Queue | Villager (Male) |
| 4:54 | Queue | Villager (Male) |
| 5:12 | Queue | Villager (Male) |
| 5:13 | Queue | Villager (Male) |
| 5:32 | Queue | Villager (Male) |
| 5:32 | Queue | Villager (Male) |
| 5:51 | Build | House |
| 5:56 | Queue | Villager (Male) |
| 5:56 | Queue | Villager (Male) |
| 6:07 | Queue | Villager (Male) |
| 6:12 | Build | Lumber Camp |
| 6:57 | Research | Feudal Age |
| 6:57 | Research | Feudal Age |
| 7:29 | Queue | Villager (Male) |
| 7:44 | Build | Mill |
| 8:11 | Build | Barracks |
| 8:42 | Queue | Villager (Male) |
| 9:10 | Age | Feudal Age |
| 9:12 | Build | Stable |
| 9:15 | Queue | Villager (Male) |
| 9:15 | Queue | Villager (Male) |
| 9:31 | Queue | Spearman |
| 9:36 | Build | House |
| 9:38 | Build | Palisade Wall |
| 9:50 | Build | Farm |
| 9:52 | Build | Farm |
| 9:53 | Build | Farm |
| 10:20 | Build | Farm |
| 10:21 | Queue | Scout Cavalry |
| 10:22 | Queue | Scout Cavalry |
| 10:28 | Queue | Villager (Male) |
| 10:31 | Queue | Villager (Male) |
| 10:32 | Queue | Villager (Male) |
| 10:52 | Queue | Scout Cavalry |
| 11:00 | Build | Palisade Wall |
| 11:01 | Build | Palisade Wall |
| 11:02 | Build | Palisade Wall |
| 11:11 | Queue | Villager (Male) |
| 11:15 | Queue | Villager (Male) |
| 11:22 | Build | Archery Range |
| 11:24 | Build | House |
| 11:46 | Build | Palisade Wall |
| 11:53 | Build | House |
| 11:55 | Queue | Villager (Male) |
| 12:01 | Queue | Villager (Male) |
| 12:01 | Queue | Villager (Male) |
| 12:07 | Queue | Villager (Male) |
| 12:24 | Build | Farm |
| 12:25 | Queue | Archer |
| 12:25 | Queue | Archer |
| 12:31 | Queue | Villager (Male) |
| 12:42 | Queue | Villager (Male) |
| 12:44 | Build | Farm |
| 12:48 | Build | Mining Camp |
| 13:07 | Build | Farm |
| 13:31 | Queue | Villager (Male) |
| 13:38 | Build | Farm |
| 13:39 | Queue | Villager (Male) |
| 13:45 | Build | House |
| 13:59 | Queue | Scout Cavalry |
| 14:00 | Queue | Villager (Male) |
| 14:12 | Build | Palisade Wall |
| 14:15 | Queue | Villager (Male) |
| 14:29 | Queue | Archer |
| 14:36 | Build | Blacksmith |
| 14:53 | Queue | Scout Cavalry |
| 14:56 | Queue | Archer |
| 14:57 | Queue | Villager (Male) |
| 14:58 | Queue | Villager (Male) |
| 15:09 | Queue | Archer |
| 15:17 | Queue | Villager (Male) |
| 15:19 | Build | Farm |
| 15:33 | Build | Farm |
| 15:51 | Queue | Archer |
| 16:31 | Research | Castle Age |
| 16:31 | Research | Castle Age |
| 16:31 | Research | Castle Age |
| 16:33 | Build | Archery Range |
| 16:38 | Queue | Archer |
| 16:38 | Queue | Archer |
| 16:38 | Queue | Archer |
| 16:47 | Queue | Archer |
| 16:48 | Queue | Archer |
| 16:59 | Build | House |
| 17:12 | Queue | Archer |
| 17:12 | Queue | Archer |
| 17:15 | Research | Fletching |
| 17:37 | Queue | Archer |
| 17:38 | Queue | Archer |
| 17:53 | Queue | Archer |
| 17:55 | Build | Farm |
| 18:16 | Queue | Archer |
| 18:17 | Queue | Archer |
| 18:18 | Queue | Archer |
| 18:38 | Build | Lumber Camp |
| 18:38 | Queue | Archer |
| 18:39 | Queue | Archer |
| 18:39 | Queue | Archer |
| 19:01 | Queue | Archer |
| 19:01 | Queue | Archer |
| 19:11 | Age | Castle Age |
| 19:15 | Research | Crossbowman (upgrade) |
| 19:16 | Research | Bodkin Arrow |
| 19:29 | Research | Crossbowman (upgrade) |
| 19:33 | Queue | Villager (Male) |
| 19:36 | Research | Double-Bit Axe |
| 19:40 | Queue | Archer |
| 19:40 | Queue | Archer |
| 19:42 | Queue | Villager (Male) |
| 19:42 | Queue | Villager (Male) |
| 19:51 | Queue | Archer |
| 19:56 | Queue | Archer |
| 20:03 | Build | House |
| 20:09 | Build | Town Center |
| 20:13 | Build | Town Center |
| 20:34 | Build | Farm |
| 20:35 | Build | House |
| 20:37 | Build | House |
| 20:41 | Research | Bow Saw |
| 20:57 | Queue | Archer |
| 20:58 | Queue | Villager (Male) |
| 20:58 | Queue | Villager (Male) |
| 21:00 | Build | Farm |
| 21:02 | Build | Farm |
| 21:03 | Queue | Villager (Male) |
| 21:10 | Queue | Archer |
| 21:10 | Queue | Archer |
| 21:25 | Queue | Archer |
Match timeline
| 8:00 | Saturno 1343 · first_building Barracks |
| 8:11 | 啊这 · first_building Barracks |
| 8:56 | Saturno 1343 · first_building Stable |
| 9:10 | 啊这 · age_up feudal |
| 9:12 | 啊这 · first_building Stable |
| 9:38 | 啊这 · wall_segment Palisade Wall x1 |
| 9:53 | Saturno 1343 · wall_segment Palisade Wall x9 |
| 9:54 | Saturno 1343 · wall_segment Palisade Wall x1 |
| 11:00 | 啊这 · wall_segment Palisade Wall x1 |
| 11:01 | 啊这 · wall_segment Palisade Wall x1 |
| 11:02 | 啊这 · wall_segment Palisade Wall x1 |
| 11:22 | 啊这 · first_building Archery Range |
| 11:46 | 啊这 · wall_segment Palisade Wall x1 |
| 13:43 | Saturno 1343 · wall_segment Palisade Wall x14 |
| 14:04 | Saturno 1343 · wall_segment Palisade Wall x8 |
| 14:12 | Saturno 1343 · wall_segment Palisade Wall x4 |
| 14:12 | 啊这 · wall_segment Palisade Wall x1 |
| 14:35 | Saturno 1343 · wall_segment Palisade Wall x1 |
| 14:36 | Saturno 1343 · wall_segment Palisade Wall x1 |
| 15:15 | Saturno 1343 · first_building Archery Range |
| 19:11 | 啊这 · age_up castle |
| 20:12 | Saturno 1343 · wall_segment Stone Wall x3 |
| 23:28 | Saturno 1343 · wall_segment Palisade Wall x1 |
| 25:21 | Saturno 1343 · wall_segment Palisade Wall x1 |
| 25:31 | Saturno 1343 · first_market_sell 100 wood |
| 25:31 | Saturno 1343 · first_market_buy 100 stone |
| 26:02 | 啊这 · first_building Monastery |
| 26:06 | Saturno 1343 · first_building Monastery |
| 27:37 | 啊这 · first_building Siege Workshop |
| 30:09 | 啊这 · first_building Castle |
| 35:31 | Saturno 1343 · first_building Castle |
| 36:36 | 啊这 · age_up imperial |
| 39:35 | 啊这 · first_market_sell 500 wood |
| 39:36 | 啊这 · first_market_buy 100 stone |
| 51:08 | Saturno 1343 · resign |
[ AI ANALYSIS · 1 CREDIT ]
What really happened in this match?
Wolo.gg analyzes every decision: build order, eco, micro, common mistakes by bracket. Personalized analysis on WhatsApp or Discord in 30 seconds.
Civ guide
Mongols
Perfil
Jugador #24977465